 Dungeon Crawl Stone Soup version 0.20.1-1-g8b1a95d (webtiles) character file.

169 Mesmaeker13 the Charmwright (level 5, 0/41 HPs)
             Began as a Demigod Skald on Sept 1, 2017.
             Killed from afar by an orc wizard (5 damage)
             ... with a magic dart
             ... on level 3 of the Dungeon.
             The game lasted 00:08:30 (4171 turns).

Mesmaeker13 the Charmwright (Demigod Skald)         Turns: 4171, Time: 00:08:30

Health: 0/41       AC:  3    Str: 16    XL:     5   Next: 4%
Magic:  6/10       EV: 12    Int: 17    God:
Gold:   255        SH:  0    Dex: 15    Spells: 2/7 levels left

rFire    . . .     SeeInvis .   A - +0 hand axe (elec)
rCold    . . .     Gourm    .   (no shield)
rNeg     . . .     Faith    .   r - -2 leather armour (curse)
rPois    .         Spirit   .   (no helmet)
rElec    .         Reflect  .   u - +0 cloak
rCorr    .         Harm     .   (no gloves)
MR       .....                  e - +0 pair of boots
Stlth    ..........             (no amulet)
Regen    0.2/turn               p - ring of flight
MPRegen  0.2/turn               C - ring of loudness (curse)

@: infused (expiring), very slightly contaminated, invisible
A: high mp 1
a: Evoke Flight


You were on level 3 of the Dungeon.
You were hungry.

You visited 1 branch of the dungeon, and saw 4 of its levels.

You collected 255 gold pieces.

Inventory:

Hand Weapons
 q - a +0 flail
 w - a +0 dagger of venom
 A - a +0 hand axe of electrocution (weapon)
Missiles
 i - 14 tomahawks
 j - 19 poisoned needles
 l - 108 stones (quivered)
Armour
 b - a +0 leather armour
 e - a +0 pair of boots (worn)
 r - a cursed -2 leather armour (worn)
 u - a +0 cloak (worn)
Jewellery
 p - a ring of flight (left hand)
 z - an uncursed ring of positive energy {unknown}
 C - a cursed ring of loudness (right hand)
Wands
 a - a wand of random effects (27/48)
Scrolls
 t - a scroll of fog {unknown}
 v - a scroll of noise {unknown}
 y - a scroll of random uselessness {unknown}
 D - a scroll of immolation {unknown}
 F - a scroll of teleportation {unknown}
 G - a scroll of amnesia {unknown}
Potions
 g - a potion of agility {unknown}
 h - a potion of flight {unknown}
 k - a potion of haste {unknown}
 m - 2 potions of curing
 n - a potion of degeneration {unknown}
 o - 2 potions of invisibility
 s - a potion of brilliance {unknown}
Books
 c - a book of Battle

   Spells                             Type                      Level
   a - Infusion                       Charms                       1
   b - Shroud of Golubria             Charms/Translocation         2
   c - Song of Slaying                Charms                       2
   d - Spectral Weapon                Hexes/Charms                 3
   e - Regeneration                   Charms/Necromancy            3
Comestibles
 d - 3 bread rations
 f - a meat ration
 B - a fruit
 E - a royal jelly


   Skills:
 - Level 1.7 Fighting
 + Level 3.2 Maces & Flails
 + Level 2.0 Armour
 - Level 2.1 Dodging
 - Level 1.7 Spellcasting
 + Level 3.4 Charms
 + Level 1.6 Translocations


You had 2 spell levels left.
You knew the following spells:

 Your Spells              Type           Power        Failure   Level  Hunger
a - Infusion              Chrm           ##..         6%          1    #......
b - Shroud of Golubria    Chrm/Tloc      ##........   13%         2    ###....
c - Song of Slaying       Chrm           ##......     9%          2    ###....


Dungeon Overview and Level Annotations

Branches:
Dungeon (4/15)
 Temple: D:4-7

Annotations:
D:3 Sigmund


Innate Abilities, Weirdness & Mutations

You have an increased reservoir of magic. (+10% MP)


Message History

The orc wizard is severely wounded.
The gnoll hits you from afar with a halberd!
* * * LOW HITPOINT WARNING * * *
The orc wizard hits you with a dagger of freezing.
* * * LOW HITPOINT WARNING * * *
The orc wizard freezes you.
* * * LOW HITPOINT WARNING * * *
The orc wizard gestures wildly while chanting.
The orc wizard seems to speed up.
It was a potion of curing.
You feel better.
Your magical infusion is running out.
The gnoll hits you from afar with a halberd.
* * * LOW HITPOINT WARNING * * *
The orc wizard hits you with a dagger of freezing.
* * * LOW HITPOINT WARNING * * *
The orc wizard freezes you.
* * * LOW HITPOINT WARNING * * *
The orc wizard gestures at something while chanting.
The magic dart hits you!
You die...

####### ... ##.....## .....
##.......##
......#.........#
......#.........#
.....##.........#
.....##......#######
......#.....ggo.@.^#
......).....g#####.# ..
.....))..[......##.# .#
.....##†........##.# .#
#...###..........#.# .#
#...# #..........#.# .#
###..###.......#.#.##.######
#..# #.......#.#..........
.... ....###.#.###....[...


You could see an orc wizard and 3 gnolls.

Vanquished Creatures
  An orc priest (D:3)
  An iguana (D:4)
  5 adders
  A worm (D:2)
  2 dart slugs
  A leopard gecko (D:2)
  9 orcs
  3 giant cockroaches
  3 goblins (D:2)
  8 hobgoblins
  6 kobolds
  3 quokkas
  A ball python (D:2)
  5 bats
  3 frilled lizards
  A rat (D:1)
  A fungus (D:1)
54 creatures vanquished.

Notes
Turn   | Place    | Note
-------+----------+-------------------------------------------
     0 | D:1      | Mesmaeker13 the Demigod Skald began the quest for the Orb.
     0 | D:1      | Reached XP level 1. HP: 17/17 MP: 5/5
   938 | D:1      | Reached XP level 2. HP: 24/24 MP: 7/7
  1228 | D:2      | Learned a level 2 spell: Shroud of Golubria
  1338 | D:2      | Reached skill level 1 in Armour
  1634 | D:2      | Reached XP level 3. HP: 26/29 MP: 5/8
  2466 | D:3      | Learned a level 2 spell: Song of Slaying
  2903 | D:3      | Noticed Sigmund
  3030 | D:3      | Reached skill level 1 in Translocations
  3035 | D:3      | Reached XP level 4. HP: 29/36 MP: 2/9
  3575 | D:4      | Noticed an ogre
  3584 | D:4      | HP: 1/36 [ogre/giant club (15)]
  4155 | D:3      | Reached XP level 5. HP: 28/41 MP: 5/10
  4171 | D:3      | Killed from afar by an orc wizard

Skill      XL: |  1  2  3  4 |
---------------+-------------+-----
Maces & Flails | 2 3 |  3.2
Dodging        | 2 |  2.1
Armour         | 1 2 |  2.0
Charms         | 3 |  3.4
Translocations | 1 |  1.6
Fighting       | |  1.7
Spellcasting   | |  1.7

Action                   |  1- 3 |  4- 6 || total
-------------------------+-------+-------++-------
Melee: Mace              |    47 |       ||    47
       Flail             |    68 |     6 ||    74
       Hand axe          |       |    49 ||    49
Throw: Stone             |     2 |       ||     2
 Cast: Infusion          |    17 |     4 ||    21
       Shroud of Golubri |     6 |     5 ||    11
Evoke: Wand              |       |     1 ||     1
  Use: Scroll            |     4 |     1 ||     5
       Potion            |       |     2 ||     2
 Stab: Sleeping          |     1 |       ||     1
  Eat: Chunk             |     7 |     4 ||    11
Armor: Leather armour    |    26 |    13 ||    39
Dodge: Dodged            |    54 |    47 ||   101
